Map: Cyber Forest LE

Players

Astrea - Winner!

  • Race: Protoss Protoss
  • Spawn Location: 11:00

IndyKNerazim

  • Race: Protoss Protoss
  • Spawn Location: 5:00

Event: 2019 WCS Summer

VOD

Have the link to the VOD?

Description

Time

  • Played on: July 12, 2019, 7:27 a.m.
  • Length: 9:39

All games in this series

Show
View Real Time Build Order
Export as new Build Order

Astrea Protoss - Winner!

Build Orders: Phoenix Opening, Zealot Archon 

Get SALT Encoding   

  12  0:00  Probe  
  13  0:12  Probe  
  14  0:17  Pylon  
  14  0:23  Probe  
  15  0:31  Probe  
  16  0:37  Gateway  
  16  0:39  Probe  
  16  0:45  Assimilator  
  17  0:51  Probe  
  17  0:54  Assimilator  
  18  0:59  Probe  
  19  1:07  Probe  
  19  1:10  Gateway  
  19  1:18  Probe  
  20  1:24  Cybernetics Core  
  21  1:30  Probe  
  22  1:36  Pylon  
  22  1:42  Probe  
  23  1:54  Probe  
  23  2:00  Warp Gate  
  23  2:01  Sentry  
  26  2:06  Stalker, Probe  
  29  2:09  Pylon  
  29  2:19  Probe  
  30  2:26  Pylon  
  30  2:31  Sentry, Probe  
  33  2:37  Stalker  
  33  2:39  Phoenix  
  35  2:47  Probe  
  36  2:53  Nexus  
  36  3:00  Pylon  
  36  3:02  Sentry  
  39  3:05  Probe  
  39  3:15  Robotics Facility  
  39  3:17  Probe  
  40  3:25  Probe  
  40  3:33  Probe  
  42  3:45  Probe, Pylon  
  43  3:52  Adept x2  
  43  3:54  Warp Prism  
  47  4:03  Probe  
  47  4:06  Probe  
  51  4:15  Probe  
  52  4:18  Probe  
  53  4:27  Probe, Adept, Immortal  
  53  4:28  Adept  
  53  4:30  Probe  
  61  4:40  Probe  
  61  4:42  Probe  
  61  4:45  Pylon  
  61  4:55  Probe, Warp Prism  
  61  4:58  Probe  
  61  5:06  Assimilator  
  59  5:07  Probe, Assimilator  
  59  5:10  Forge, Twilight Council  
  59  5:12  Probe  
  61  5:19  Probe, Immortal  
  62  5:28  Pylon  
  66  5:38  Probe x2  
  66  5:39  Protoss Ground Weapons Level 1  
  68  5:44  Gateway  
  68  5:45  Gateway  
  68  5:46  Charge  
  68  5:50  Gateway  
  68  5:51  Observer  
  68  5:54  Gateway  
  68  6:03  Probe x2  
  68  6:04  Templar Archives  
  71  6:07  Zealot  
  73  6:12  Zealot, Pylon  
  73  6:16  Probe  
  69  6:26  Probe  
  70  6:35  Zealot  
  70  6:37  Zealot  
  76  6:46  Nexus  
  74  6:56  High Templar x2  
  74  6:57  High Templar x2  
  82  7:03  Archon  
  82  7:04  Archon  
  82  7:11  Gateway  
  82  7:13  Gateway  
  82  7:14  Pylon  
  82  7:18  Protoss Ground Weapons Level 2  
  82  7:19  Probe  
  83  7:23  High Templar  
  83  7:24  High Templar  
  83  7:27  Archon  
  83  7:29  Pylon  
  87  7:31  Zealot  
  87  7:32  Zealot x2  
  87  7:33  Zealot  
  95  7:49  Pylon  
  95  7:52  High Templar x2  
  95  7:53  Zealot x2  
  95  7:56  Zealot x2  
  95  7:57  Archon  
  107  8:06  Zealot  
  107  8:07  Zealot  
  111  8:26  Zealot x4, High Templar x2  
  123  8:31  Archon  
  123  8:38  Zealot x2  
  127  8:41  Pylon  
  127  8:43  Pylon  
  127  8:46  Zealot x2  
  127  8:47  Zealot  
  133  8:52  Pylon  
  131  9:04  High Templar x2  
  131  9:05  Zealot x3  
  131  9:08  Zealot  
  143  9:15  Zealot x2  
  147  9:23  Archon  
  147  9:28  Zealot x4  
Show
View Real Time Build Order
Export as new Build Order

IndyKNerazim Protoss 

Build Orders: Phoenix Opening, Zealot Archon 

Get SALT Encoding   

  12  0:01  Probe  
  13  0:13  Probe  
  14  0:17  Pylon  
  14  0:24  Probe  
  15  0:32  Probe  
  15  0:39  Gateway  
  15  0:40  Probe  
  16  0:46  Assimilator  
  17  0:52  Probe  
  17  0:55  Assimilator  
  18  1:01  Probe  
  18  1:09  Probe  
  18  1:10  Gateway  
  20  1:18  Probe  
  21  1:25  Cybernetics Core  
  21  1:30  Probe  
  22  1:38  Pylon  
  22  1:42  Probe  
  23  1:56  Probe  
  23  1:57  Warp Gate  
  24  2:03  Stalker, Sentry  
  28  2:10  Pylon  
  28  2:29  Stalker  
  30  2:32  Stalker  
  32  2:37  Phoenix  
  32  2:47  Nexus  
  32  2:50  Probe  
  33  3:02  Probe  
  34  3:07  Robotics Facility  
  34  3:14  Probe  
  34  3:19  Pylon  
  35  3:26  Probe  
  36  3:35  Probe  
  37  3:45  Probe  
  37  3:46  Stalker  
  37  3:47  Sentry  
  43  3:55  Observer  
  43  3:56  Probe  
  43  3:57  Probe  
  45  4:04  Probe  
  45  4:09  Probe  
  47  4:10  Forge  
  47  4:14  Stalker, Sentry, Probe  
  52  4:21  Probe  
  52  4:22  Probe  
  52  4:23  Warp Prism  
  55  4:30  Probe  
  56  4:33  Probe  
  56  4:40  Probe, Pylon  
  56  4:45  Probe  
  56  4:47  Twilight Council  
  56  4:52  Probe  
  58  4:58  Stalker  
  58  4:59  Stalker, Protoss Ground Weapons Level 1  
  62  5:02  Probe  
  62  5:04  Probe  
  60  5:12  Probe  
  60  5:13  Charge, Assimilator  
  61  5:14  Probe  
  61  5:15  Pylon  
  61  5:17  Assimilator  
  63  5:23  Probe  
  63  5:26  Probe  
  65  5:32  Adept x2  
  65  5:35  Probe  
  70  5:38  Probe  
  71  5:43  Shield Battery  
  71  5:50  Gateway  
  71  5:52  Gateway  
  71  5:56  Adept x2  
  75  5:59  Pylon  
  75  6:05  Phoenix  
  75  6:12  Immortal  
  79  6:24  Gateway  
  75  6:27  Templar Archives, Gateway  
  75  6:34  Zealot x2  
  77  6:47  Gateway  
  77  6:51  Gateway, Pylon  
  77  7:02  Protoss Ground Weapons Level 2  
  77  7:04  Pylon  
  77  7:10  Pylon  
  77  7:15  High Templar x2  
  81  7:16  Zealot x2  
  81  7:19  Archon  
  83  7:24  Zealot  
  83  7:25  Zealot  
  83  7:27  Immortal  
  91  7:32  Probe  
  92  7:38  High Templar x2  
  92  7:44  Archon  
  95  7:47  Probe  
  94  7:52  Zealot  
  94  7:53  Zealot x3  
  102  8:00  Pylon  
  102  8:03  Pylon  
  94  8:26  Zealot x7  
  102  8:42  High Templar x2  
  106  8:49  High Templar  
  106  8:50  High Templar  
  106  8:52  Pylon  
  106  8:54  Pylon  
  110  8:56  Archon x2, Pylon  
  110  9:10  High Templar x2  
  110  9:11  Zealot x2  
  110  9:14  Archon  
  118  9:19  Zealot x3  
  120  9:24  Zealot  
  82  9:31  Zealot x2  
Tags
 
Add a new tag
Caveats
  • Supply blocks, unpowered buildings, or Contaminate may cause inaccurate times.
  • Supply counts are checked every 10 seconds.